Zazza, neutral female human Tourist ----- --------- ----- |...| |.......| ##....| -------- |...|##########|.......| # |...| |......-# #|).^.# ###|>.......####....| |......|# #|<.`|# # -.-------# |...| |..{...|# #-----# ### ## ## |...| --.-----############# # # ### |...| ######## # # ### ### # ----- --------- # # # @ # # ### |(......| # # #########f:## #### # |...]...| # # #-----# # -.--------# |......!| # # #|...|# ### |........|# |.....$.-#############--.----- ####|...|# # |........-# --------- `.......| ##|..`|# ##.........| |......| ##-....# ---------- |.......#####|...| # ---- -------- |...| |..| ----- |..| ---- Zazza the Rambler Experience level: 1 Strength: 14 Dexterity: 10 Constitution: 14 Intelligence: 15 Wisdom: 10 Charisma: 18 Health: 0(10) Energy: 2(2) Def: 0 Gold: 0 Moves: 1709 Dungeon seed: QIm7z6m15dmApPTi Game ID: Zazza_1619017018 Your Inventory: Weapons a - 20 +2 darts (in quiver) D - a +0 orcish dagger Armor e - a blessed +0 Hawaiian shirt (being worn) H - a cursed -1 pair of levitation boots Comestibles b - 4 uncursed cram rations d - an uncursed pancake f - an uncursed fortune cookie g - 2 uncursed tripe rations h - 2 uncursed eggs i - an uncursed eucalyptus leaf p - 2 uncursed lichen corpses x - an uncursed slime mold F - an uncursed egg O - 3 uncursed food rations Z - an uncursed tin of sewer rat meat Scrolls l - 2 uncursed scrolls of magic mapping R - an uncursed scroll of magic mapping Spellbooks s - an uncursed spellbook of drain life Potions c - an uncursed potion of restore ability k - 2 uncursed potions of extra healing r - an uncursed potion of hallucination v - a blessed potion of blindness A - an uncursed potion of restore ability U - an uncursed potion of gain energy Rings L - an uncursed ring of sustain ability Tools m - an expensive camera (0:77) n - an uncursed credit card Q - an uncursed magic whistle X - a +0 pick-axe Gems q - an uncursed worthless piece of blue glass y - 4 uncursed worthless pieces of red glass z - 2 uncursed obsidian stones N - an uncursed worthless piece of yellowish brown glass Spells and supernatural/magical abilities: Name Level Category Fail Memory D - drain life 2 attack 91% 94% W - pray for help -- divine ? -- Your skills at the end: Fighting Skills Weapon Skills dart [Basic] Spellcasting Skills Final Attributes: You were stridently aligned. You are dead. Vanquished creatures: a large kobold a brown mold a yellow mold 7 jackals a kobold a goblin 3 sewer rats 4 grid bugs 4 lichens 3 kobold zombies 13 newts 39 creatures vanquished. Voluntary challenges: You were an atheist. You never hit with a wielded weapon. You read items or engraved 5 times, starting on turn 43. You never genocided any monsters. You never polymorphed an object. You never changed form. You used no wishes. You never split a pudding. You never wrote Elbereth's name. You never violated your personal moral code. Dungeon overview: The Dungeons of Doom: levels 1 to 3 Level 1 a long staircase Level 2 some fountains, a sink stairs to The Gnomish Mines Level 3 <- You were here a general store, a fountain The Gnomish Mines: Level 3 stairs to The Dungeons of Doom History has recorded: On T:1 you entered the Dungeons of Doom to retrieve the Amulet of Yendor! On T:354 you reached level 2 of The Dungeons of Doom. On T:805 you reached level 1 of The Gnomish Mines. On T:940 you reached level 3 of The Dungeons of Doom. Score breakdown: Gold: 0 ( 0 points) Experience: 1 level ( 0 points) Exploration: 3 levels ( 6.12%) ( 6123 points) Discoveries: 5 items ( 1.68%) ( 3885 points) Valuables value: (no points given unless you survive) Artifact value: 0 ( 0 points) Variety of kills: 11 monsters ( 2.89%) ( 5097 points) Turncount: 1709 turns ( 0 points) Survival: died (score multiplied by 80%) Total score: 12084 Latest messages: You see here a lichen corpse. Never mind. p - a lichen corpse. You stop. Armand is in the way! You displace Armand. You kill the lichen! You displace Armand. You see here a lichen corpse. You hear some noises. You see here a lichen corpse. p - a lichen corpse. You miss the newt. (2x) The newt bites! Armand misses the newt. Armand bites the newt. The newt bites Armand. The newt bites! You miss the gecko. The newt bites! The gecko bites! Armand misses the newt. Armand misses the gecko. You hear some noises. The gecko bites! You die... Final status: Aloha Zazza the Tourist, killed by a gecko... You died in The Dungeons of Doom on dungeon level 3 with 12084 points, and 0 pieces of gold, after 1709 moves. You were level 1 with a maximum of 10 hit points when you died.